 Dungeon Crawl Stone Soup version 0.31-a0-190-g4feb4907b2 (webtiles) character file.

Game seed: 13433397522125728356

139 qw the Skirmisher (level 5, 0/29 HPs)
             Began as a Deep Elf Hunter on June 23, 2023.
             Slain by Natasha (3 damage)
             ... on level 3 of the Dungeon.
             The game lasted 00:00:43 (1643 turns).

qw the Skirmisher (Deep Elf Hunter)                 Turns: 1643, Time: 00:00:43

Health: 0/29       AC:  7    Str: 10    XL:     5   Next: 1%
Magic:  7/7        EV: 20    Int: 14    God:
Gold:   114        SH:  0    Dex: 18    Spells: 4/4 levels left

rFire   + + .        Y - melded +1 shortbow
rCold   + + .        (shield currently unavailable)
rNeg    + + +        g - melded +0 ring mail
rPois   inf          (helmet currently unavailable)
rElec   +            (cloak currently unavailable)
rCorr   +            (gloves currently unavailable)
SInv    .            (boots currently unavailable)
Will    .....        (amulet currently unavailable)
Stlth   ++           c - melded ring of protection from fire
HPRegen 0.24/turn    (ring currently unavailable)
MPRegen 0.10/turn

%: no passive effects
@: wisp-form, flying, slowed, very slow
A: insubstantial, flying, no casting, tiny
a: no special abilities


You were on level 3 of the Dungeon.
You were an insubstantial wisp.
You visited 1 branch of the dungeon, and saw 3 of its levels.

You collected 114 gold pieces.


   Skills:
 - Level 1.5 Fighting
 + Level 8.4 Ranged Weapons
 - Level 2.4 Dodging
 - Level 1.2 Stealth


You had 4 spell levels left.
You didn't know any spells.
Your spell library was empty.

Inventory:

Hand Weapons
 Y - a +1 shortbow (melded)
Armour
 g - a +0 ring mail (melded)
 h - a +0 pair of gloves
Jewellery
 c - a ring of protection from fire (melded)
 d - a ring of fire
Scrolls
 i - a scroll of identify
Potions
 a - a potion of berserk rage {unknown}
 b - a potion of magic {unknown}
 e - 2 potions of degeneration {unknown}
 f - a potion of enlightenment {unknown}
 j - a potion of lignification {unknown}
 o - a potion of haste {unknown}

Dungeon Overview and Level Annotations

Branches:
Dungeon (3/15)

Altars:

Annotations:
D:3 Natasha


Message History

HP restored.
You start waiting.
You feel yourself speed up.
Natasha, Servant of Life and Death comes into view.
She is carrying a wand of polymorph (8).
You shoot an arrow. The arrow barely misses Natasha.
Natasha hisses angrily.
You shoot an arrow. The arrow hits Natasha!
Natasha is severely wounded.
Natasha stares at you and mumbles some strange words.
You feel yourself slow down.
You shoot an arrow.
The arrow hits Natasha but does no damage.
Natasha is severely wounded.
Natasha zaps a wand.
You resist with some effort. Natasha casts a spell at you.
The magic dart hits you.
You shoot an arrow. The arrow misses Natasha.
Natasha stares at you and mumbles some strange words.
The magic dart hits you!
Natasha mumbles some strange words.
You shoot an arrow. The arrow closely misses Natasha.
Natasha misses you. Natasha barely misses you.
The cerulean imp hits you from afar with a +1 spear.
You shoot an arrow. The arrow barely misses Natasha.
Natasha closely misses you. The cerulean imp barely misses you.
You shoot an arrow. The arrow closely misses Natasha.
Natasha closely misses you.
The cerulean imp hits you from afar with a +1 spear.
The cerulean imp completely misses you.
Natasha zaps a wand.
You turn into an insubstantial wisp.
Your +1 shortbow melds into your body.
Your +0 ring mail melds into your body.
Your ring of protection from fire melds into your body.
You touch Natasha.
Natasha is almost dead.
Natasha claws you. The cerulean imp completely misses you.
You touch Natasha but do no damage.
Natasha is almost dead.
Natasha claws you. The cerulean imp completely misses you.
The cerulean imp barely misses you. Natasha claws you.
You die...

#..... ###### #.####
#...8# #.#
#####8...####.#
.....8......#.#
###....8##.#.# # #
#......#..#.####
#5###.##.###..#.#.##
#.hv..##.###..#.#.##
#.######.#........#.
.............PP......
..........(...PP.......
...
...####.###.P.P##### ..
#......#...P##### .
#......#.........
#......##.#...###
#......##.#.###


You could see Natasha and a cerulean imp (summoned).

Vanquished Creatures
  Natasha (twice) (D:3)
  A hound zombie (D:3)
  An adder (D:2)
  2 adder zombies (D:3)
  2 dart slugs
  An orc (D:3)
  4 ball pythons
  5 endoplasms
  3 giant cockroaches
  2 goblins (D:1)
  5 hobgoblins
  A jackal (D:2)
  2 quokkas
  5 bats
  6 frilled lizards
  A jackal skeleton (D:3)
  8 kobolds
  A quokka skeleton (D:3)
  3 rats
55 creatures vanquished.

Notes
Turn   | Place    | Note
-------+----------+-------------------------------------------
     0 | D:1      | qw the Deep Elf Hunter began the quest for the Orb.
     0 | D:1      | Reached XP level 1. HP: 12/12 MP: 3/3
     0 | D:1      | 0 ||| qw: Version: 0.3-a-9-g12657ce
     0 | D:1      | 0 ||| qw: Game counter: 4516
     0 | D:1      | 0 ||| qw: Always use a shield: true
     0 | D:1      | 0 ||| qw: God list: Okawaru
     0 | D:1      | 0 ||| qw: Allow faded altars: false
     0 | D:1      | 0 ||| qw: Do Orc after D:15 true
     0 | D:1      | 0 ||| qw: Do second Lair branch before Depths: true
     0 | D:1      | 0 ||| qw: Lair rune preference: random
     0 | D:1      | 0 ||| qw: Plans: Normal
     0 | D:1      | 0 ||| PLANNING D:1-11
   273 | D:1      | Reached skill level 6 in Ranged Weapons
   273 | D:1      | Reached XP level 2. HP: 12/16 MP: 4/4
   830 | D:1      | 830 ||| UPGRADING to +0 ring mail.
   840 | D:1      | 840 ||| DROPPING +0 leather armour.
   841 | D:1      | 841 ||| READING scroll labelled OMAOSTR CANIEKK.
   849 | D:1      | 849 ||| READING scroll labelled COESAO WUOWN.
   850 | D:1      | 850 ||| READING 2 scrolls labelled HOUTODGH RIEHOB.
   851 | D:1      | 851 ||| READING scroll labelled KACRIQEWKA.
   852 | D:1      | 852 ||| READING scroll labelled ZAUSEYNT KONTETT.
   856 | D:1      | 856 ||| READING scroll labelled ZIGUZA CAESAT.
   857 | D:1      | 857 ||| READING scroll labelled BAIHIG YFAKKORA.
   858 | D:1      | 858 ||| DRINKING 2 fuming inky potions.
   859 | D:1      | 859 ||| DROPPING scroll of butterflies.
   860 | D:1      | 860 ||| DROPPING potion of invisibility.
   925 | D:2      | Reached XP level 3. HP: 20/20 MP: 5/5
  1016 | D:2      | Reached skill level 7 in Ranged Weapons
  1274 | D:2      | 1274 ||| UPGRADING to ring of protection from fire.
  1275 | D:2      | 1275 ||| READING 2 scrolls of identify.
  1275 | D:2      | 1275 ||| IDENTIFYING bubbling ruby potion
  1276 | D:2      | 1276 ||| DROPPING potion of attraction.
  1307 | D:3      | Noticed Natasha
  1312 | D:3      | Killed Natasha
  1313 | D:3      | Reached XP level 4. HP: 24/25 MP: 6/6
  1427 | D:3      | Found a faded altar of an unknown god.
  1563 | D:3      | Noticed Natasha
  1570 | D:3      | Killed Natasha
  1571 | D:3      | Reached skill level 8 in Ranged Weapons
  1572 | D:3      | Reached XP level 5. HP: 25/29 MP: 7/7
  1634 | D:3      | Noticed Natasha
  1643 | D:3      | HP: 3/29 [Natasha (6)]
  1643 | D:3      | Slain by Natasha

Levels and vault maps discovered:
D:1:      dpeg_arrival_circle_labyrinth_c, layout_basic
D:2:      minmay_angry_zag, layout_rooms
D:3:      layout_basic, serial_shops, shop, basic_ecumenical_altar,
          serial_undead, serial_undead_a, serial_undead_c, serial_undead_c,
          serial_undead_f, serial_undead_f, serial_undead_d, serial_undead_a,
          serial_undead_b, serial_undead_c, serial_undead_a,
          supply_closet_lemuel, uniq_natasha, uniq_jessica

Skill      XL: |  1  2  3  4 |
---------------+-------------+-----
Ranged Weapons | 6 7 8 |  8.4
Fighting       | |  1.5
Dodging        | |  2.4
Stealth        | |  1.2

Action                     |  1- 3 |  4- 6 || total
---------------------------+-------+-------++-------
  Melee: Unarmed           |       |     2 ||     2
   Fire: Shortbow          |    92 |    46 ||   138
    Use: Scroll            |     8 |       ||     8
         Potion            |     1 |       ||     1
 Armour: Ring mail         |     3 |     9 ||    12
  Dodge: Dodged            |     9 |    13 ||    22

Table legend:
 A = Non-vault XP
 B = Vault XP
 C = Vault XP percentage of total XP
 D = Non-vault monster count
 E = Vault monster count
 F = Vault count percentage of total count
                 A         B        C        D         E       F
            +---------+---------+-------+---------+---------+-------
      Total |     122 |      77 |  38.7 |      45 |      10 |  18.2
            +---------+---------+-------+---------+---------+-------
        D:1 |      37 |       0 |   0.0 |      23 |       0 |   0.0
        D:2 |      34 |       7 |  17.1 |      14 |       4 |  22.2
        D:3 |      51 |      70 |  57.9 |       8 |       6 |  42.9
            +---------+---------+-------+---------+---------+-------
